 Dungeon Crawl Stone Soup version 0.30.0-10-gfe55d96785 (webtiles) character file.

Game seed: 6360755155270532863

12188 Monkooky the Thaumaturge (level 12, -12/91 HPs)
             Began as a Djinni Ice Elementalist on May 14, 2023.
             Was an Elder of the Shining One.
             Mangled by an orc knight
             ... wielding a +3 great sword
              (25 damage)
             ... on level 10 of the Dungeon.
             The game lasted 00:34:51 (10795 turns).

Monkooky the Thaumaturge (Djinni Ice Elementalist) Turns: 10795, Time: 00:34:52

Health: -12/91     AC: 15    Str:  7    XL:     12   Next: 17%
Gold:   30         EV: 11    Int: 28    God:    the Shining One [****..] SH:  0 Dex: 14

rFire   + . .        u - staff of conjuration
rCold   . . .        (no shield)
rNeg    + + .        F - +0 troll leather armour
rPois   ∞            (no helmet)
rElec   .            K - +1 cloak {rPois}
rCorr   .            (no gloves)
SInv    .            (boots unavailable)
Will    +....        (no amulet)
Stlth   +            k - ring of ice
HPRegen 1.15/turn    l - +6 ring of intelligence
MPRegen 0.00/turn

%: infuse magic (-13 HP)
@: ice-armoured, freezing walls, flying, glowing, studying Invocations
A: sickness immunity, fire resistance 2, cold vulnerability 1, float, innate
caster, HP casting, extra vitality 1
a: Renounce Religion, Divine Shield, Cleansing Flame


You were on level 10 of the Dungeon.
You worshipped the Shining One.
The Shining One was greatly pleased with you.
You visited 3 branches of the dungeon, and saw 12 of its levels.
You also visited: Bailey.

You collected 885 gold pieces.
You spent 855 gold pieces at shops.

Inventory:

Hand Weapons
 d - a +1 whip of flaming
Missiles
 e - 5 boomerangs
Armour
 a - a +0 robe
 i - a +0 cloak
 q - a +1 robe of resistance
 D - the +2 plate armour "Qubainath" {rC+}
   (You found it in a bailey)

   rC:        It protects you from cold.
 F - a +0 troll leather armour (worn)
 K - a +1 cloak of poison resistance (worn)
Magical Staves
 t - a staff of fire
 u - a staff of conjuration (weapon)
Jewellery
 c - a +5 ring of evasion
 k - a ring of ice (left hand)
 l - a +6 ring of intelligence (right hand)
 v - a ring of protection from cold
 A - a +4 ring of protection
 C - a +5 ring of evasion
Wands
 x - a wand of roots (13)
 z - a wand of mindburst (1)
 E - a wand of acid (8)
 J - a wand of flame (10)
Scrolls
 b - a scroll of fog
 f - a scroll of teleportation
 g - 5 scrolls of immolation
 j - 2 scrolls of blinking
 p - a scroll of enchant weapon
 r - a scroll of brand weapon
 s - 7 scrolls of vulnerability
 w - a scroll of magic mapping {unknown}
 y - a scroll of identify
 L - 2 scrolls of acquirement {unknown}
Potions
 h - 3 potions of curing
 m - 2 potions of might
 n - 3 potions of brilliance
 o - a potion of haste
 B - 2 potions of lignification
 G - 2 potions of mutation
 H - a potion of heal wounds
 I - 2 potions of magic {unknown}


   Skills:
 - Level 9.6 Fighting
 - Level 2.1 Dodging
 - Level 1.5 Stealth
 - Level 9.7 Spellcasting
 * Level 8.4 Invocations
 - Level 9.0 Evocations


You knew the following spells:

 Your Spells              Type           Power      Damage    Failure   Level
a - Freeze                Ice            100%       1d10      1%          1
b - Frozen Ramparts       Ice            100%       1d16      1%          3
c - Ozocubu's Armour      Ice            80%        N/A       1%          3
d - Summon Ice Beast      Ice/Summ       80%        N/A       1%          4
e - Summon Small Mammal   Summ           100%       N/A       1%          1
f - Searing Ray           Conj           100%       2d8       1%          2
g - Dazzling Flash        Conj/Hex       100%       N/A       1%          3
h - Animate Dead          Necr           61%        N/A       1%          4
i - Agony                 Necr           61%        N/A       3%          5
Your spell library was empty.

Dungeon Overview and Level Annotations

Branches:
Dungeon (10/15)            Temple (1/1) D:5             Orc (1/2) D:9
 Bailey (visited)
   Lair: D:8-11

Altars:
Ashenzari
Cheibriados
Dithmenos
Elyvilon
Fedhas
Gozag
Hepliaklqana
Makhleb
Nemelex Xobeh
Okawaru
Qazlal
Ru
Trog
Uskayaw
Wu Jian
Xom
Yredelemnul
Zin
The Shining One

Shops:
D:3 :   D:7 *?[?

Annotations:
D:8 exclusion: downstairs
D:9 exclusion: downstairs


Innate Abilities, Weirdness & Mutations

You are immune to sickness and miasma.
You are immune to poison.
Your flesh is very heat resistant. (rF++)
You are vulnerable to cold. (rC-)
You float through the air rather than walking.
You learn spells naturally, not from books.
Your magical power is your life essence.
You have superior vitality. (+4 MHP)


Message History

The searing ray hits the orc knight.
The orc knight is lightly wounded. (Press . to maintain the ray.)
The wall freezes the orc knight.
The wall freezes the orc knight but does no damage.
Unknown command.
The searing ray hits the orc!
You kill the orc!
The wall freezes the orc knight!
The orc knight hits you with a +3 great sword!
Unknown command.
Restarting spell: Searing Ray (safe; 1% risk of failure)
Press: ? - help, Q - select action, (/) - cycle Shift-Dir - straight line, f - orc knight
Aim: an orc knight, wielding a +3 great sword and wearing a +0 plate armour (moderately wounded, strong, haloed, 87% to hit)
You feel a surge of power!
The searing ray hits the orc knight.
The orc knight is moderately wounded. (Press . to maintain the ray.)
The wall freezes the orc knight but does no damage.
The orc knight closely misses you.
Unknown command.
Casting: Searing Ray (safe; 1% risk of failure)
Confirm with . or Enter, or press ? or * to list all spells.
You feel a surge of power! A chill wind blows around you.
The wall freezes the orc knight!
The orc knight hits you with a +3 battleaxe!!
The wall freezes the orc knight but does no damage.
The orc knight barely misses you.
Aiming: Fastroot
Press: ? - help, Shift-Dir - straight line, f/p - orc knight
Aim: an orc knight, wielding a +3 great sword and wearing a +0 plate armour (moderately wounded, strong, ally target, haloed)
The roots erupt in riotous growth!
Roots grab the orc knight. x2
The grasping roots constrict the orc knight.
The grasping roots constrict the orc knight!
The wall freezes the orc knight.
The orc knight hits you with a +3 battleaxe!!
* * * LOW HITPOINT WARNING * * *
The wall freezes the orc knight but does no damage.
The orc knight hits you with a +3 great sword!!
You die...

## ...## .8..8#
.....)######
....))oo...### ########
....o.#@...'.####.......
.8..8 #....#......#####.
...# #Y...######...#...
### ## ##....# ###.#.##
##.# #'##### #...#...
#..# #.# #.#####. #.##
##.# #.....#. #.# #..#
#######. #'####
#####.######### #####.


You could see 2 orc knights and a friendly ice beast (summoned).

Vanquished Creatures
  Erolcha (D:9)
  A centaur warrior (D:10)
  A two-headed ogre (D:8)
  Pikel (D:9)
  3 orc knights
  Maurice (D:9)
  2 trolls (D:9)
  A hornet (D:5)
  Sigmund (D:4)
  2 wyverns (D:10)
  A wraith (D:7)
  A steam dragon (D:6)
  18 yaks
  The ghost of sasquatch the Cutter, an amateur KoBr (D:4)
  A water moccasin (D:5)
  8 orc warriors
  2 ice beasts (D:5)
  2 sky beasts
  A black bear (D:7)
  A phantom (D:4)
  2 lemures (D:9)
  3 bullfrogs
  3 kobold brigands
  2 scorpions
  6 killer bees (D:8)
  2 vampire bats (D:6)
  2 electric eels (D:7)
  7 howler monkeys
  A jelly (D:3)
  2 gnoll boudas
  8 orc priests
  A hound (D:8)
  2 sleepcaps
  3 iguanas
  9 orc wizards
  Robin (D:4)
  17 gnolls
  8 adders
  A shadow imp (D:7)
  A white imp (D:5)
  2 worms
  6 dart slugs
  38 orcs
  8 ball pythons
  14 bats
  7 endoplasms
  7 giant cockroaches
  10 hobgoblins
  4 jackals
  24 kobolds
  4 quokkas
  A frilled lizard (D:2)
  22 goblins
  6 rats
284 creatures vanquished.

Vanquished Creatures (collateral kills)
  2 yaks (D:9)
  2 orc warriors
  4 orc priests
  3 orcs
11 creatures vanquished.

Grand Total: 295 creatures vanquished

Notes
Turn   | Place    | Note
-------+----------+-------------------------------------------
     0 | D:1      | Monkooky the Djinni Ice Elementalist began the quest for
                  | the Orb.
     0 | D:1      | Monkooky set off with the following spells memorised:
                  | Freeze, Frozen Ramparts, Ozocubu's Armour, Summon Ice
                  | Beast.
     0 | D:1      | Reached XP level 1. HP: 15/15 MP: 0/0
   108 | D:1      | Reached XP level 2. HP: 20/21 MP: 0/0
   493 | D:1      | Reached XP level 3. HP: 25/25 MP: 0/0
   493 | D:1      | Learned a level 1 spell: Summon Small Mammal
  1182 | D:2      | Reached XP level 4. HP: 23/31 MP: 0/0
  1398 | D:2      | Found a faded altar of an unknown god.
  1409 | D:2      | Prayed at the altar of an unknown god.
  1409 | D:2      | Became a worshipper of the Shining One
  1409 | D:2      | Reached * piety under the Shining One
  1495 | D:2      | Reached XP level 5. HP: 32/35 MP: 0/0
  1495 | D:2      | Learned a level 2 spell: Searing Ray
  1672 | D:3      | Reached skill level 5 in Spellcasting
  1883 | D:3      | Noticed a sky beast
  1888 | D:3      | Killed a sky beast
  1889 | D:3      | Reached XP level 6. HP: 31/40 MP: 0/0
  2046 | D:3      | Found Horibim's Vocational Training.
  2585 | D:4      | Reached skill level 1 in Fighting
  2585 | D:4      | Reached XP level 7. HP: 33/47 MP: 0/0
  2585 | D:4      | Learned a level 3 spell: Dazzling Flash
  2636 | D:4      | Noticed Robin
  2638 | D:4      | Noticed Sigmund
  2644 | D:4      | Killed Robin
  2647 | D:4      | Killed Sigmund
  2937 | D:4      | Reached ** piety under the Shining One
  2938 | D:4      | Reached XP level 8. HP: 42/56 MP: 0/0
  3104 | D:4      | Found a glowing silver altar of Zin.
  3104 | D:4      | Found an iron altar of Okawaru.
  3272 | D:4      | Found a large runed translucent door.
  3272 | D:4      | Found a large runed translucent door.
  3276 | D:4      | Noticed sasquatch's ghost (amateur KoBr)
  3728 | D:4      | Killed sasquatch's ghost
  3803 | D:5      | Entered Level 5 of the Dungeon
  3914 | D:5      | Found a staircase to the Ecumenical Temple.
  4057 | Temple   | Entered the Ecumenical Temple
  4445 | D:5      | Noticed a hornet
  4449 | D:5      | Killed a hornet
  4450 | D:5      | Reached skill level 5 in Fighting
  4572 | D:5      | Found a shimmering altar of Xom.
  4822 | D:5      | Reached XP level 9. HP: 62/65 MP: 0/0
  4822 | D:5      | Learned a level 4 spell: Animate Dead
  5114 | D:6      | Found an ornate altar of the Wu Jian Council.
  5170 | D:6      | Found a hide-covered altar of Uskayaw.
  6405 | D:7      | You are sucked into a shaft and drop 1 floor!
  6461 | D:8      | Reached *** piety under the Shining One
  6464 | D:8      | Reached XP level 10. HP: 70/76 MP: 0/0
  6576 | D:8      | Found a burning altar of Makhleb.
  6612 | D:8      | Found a flagged portal.
  6626 | Bailey   | Entered a bailey
  6938 | Bailey   | Noticed an orc knight
  7010 | Bailey   | Killed an orc knight
  7177 | Bailey   | Identified the +2 plate armour "Qubainath" {rC+}
  7191 | Bailey   | Noticed an orc knight
  7214 | Bailey   | Killed an orc knight
  7349 | D:8      | Found a snail-covered altar of Cheibriados.
  7364 | D:8      | Noticed a two-headed ogre
  7383 | D:8      | Killed a two-headed ogre
  7847 | D:8      | Reached XP level 11. HP: 72/85 MP: 0/0
  7847 | D:8      | Learned a level 5 spell: Agony
  7981 | D:9      | Noticed Pikel
  8016 | D:9      | Noticed Maurice
  8016 | D:9      | Found a staircase to the Orcish Mines.
  8235 | D:7      | Found Wune's Assorted Antiques.
  8237 | D:7      | Found Kethryris's Antique Armour Shop.
  8238 | D:7      | Found Socwegeck's Magic Scroll Emporium.
  8322 | D:7      | Found Okkaown's Magic Scroll Shoppe.
  8446 | D:7      | Bought 2 cyan potions for 55 gold pieces
  8609 | D:9      | HP: 2/85 [troll (12)]
  8609 | D:9      | The Shining One protects you from harm!
  8620 | D:9      | Found a broken altar of Ashenzari.
  8844 | D:9      | Killed Maurice
  8845 | D:9      | Reached skill level 5 in Evocations
  9175 | D:9      | Killed Pikel
  9180 | D:9      | Noticed Erolcha
  9374 | D:9      | Killed Erolcha
  9577 | D:9      | Found a blossoming altar of Fedhas.
  9718 | D:9      | Found a bloodstained altar of Trog.
  9782 | D:10     | Entered Level 10 of the Dungeon
  9815 | D:10     | Found a glowing golden altar of the Shining One.
  9884 | D:10     | Reached skill level 1 in Invocations
  9956 | Orc:1    | Entered Level 1 of the Orcish Mines
 10115 | D:3      | Bought a manual of Invocations for 800 gold pieces
 10236 | D:10     | Reached **** piety under the Shining One
 10395 | D:10     | Found a shadowy altar of Dithmenos.
 10434 | D:10     | Noticed a centaur warrior
 10444 | D:10     | Killed a centaur warrior
 10445 | D:10     | Reached skill level 5 in Invocations
 10445 | D:10     | Reached XP level 12. HP: 66/91 MP: 0/0
 10702 | D:10     | Found a runed translucent door.
 10795 | D:10     | Mangled by an orc knight

Illustrated notes

Levels and vault maps discovered:
D:1:      dpeg_arrival_ternary, layout_basic, minmay_close_crescents
D:2:      minmay_chambers_of_twos, layout_rooms,
          hellmonk_ecumenical_altar_inner_sanctum, dk_noncrumbling_4
D:3:      layout_loops_cross, minmay_liquid_box, nicolae_shop_vocational
D:4:      layout_loops_ring, lemuel_round_altar, gammafunk_temple_overflow_wave,
          ebering_ghost_disaster_area, corexii_hall_statues_x, uniq_sigmund,
          uniq_robin
D:5:      layout_loops_ring, tgw_xom, minmay_temple_entry_gardened_gates
D:6:      layout_loops_ring, kennysheep_mini, kennysheep_little_box,
          roderic_batcave
D:7:      layout_cave_pools, nicolae_wooded_promenade, minmay_microvault
D:8:      layout_basic, makhleb_blood_cavern_becter, kennysheep_slug_shrine,
          enter_bailey_3
D:9:      layout_big_octagon, nicolae_overflow_hidden_temple,
          general_overflow_altar, fedhas_altar_1, orc_0_dummy, uniq_maurice,
          uniq_pikel, uniq_erolcha
D:10:     layout_roguey, grunt_dithmenos_smoke,
          mainiacjoe_overflow_small_starburst, lightli_church_of_beogh
Temple:   grunt_temple_mini_profane
Orc:1:    layout_caves, nicolae_alphabet_shops

Skill      XL: |  1  2  3  4  5  6  7  8  9 10 11 12 |
---------------+-------------------------------------+-----
Spellcasting   | 4 5 6 7 8 9 |  9.7
Fighting       | 1 3 5 7 9 |  9.6
Evocations     | 3 9 |  9.0
Invocations    | 5 8 |  8.4
Dodging        | |  2.1
Stealth        | |  1.5

Action                     |  1- 3 |  4- 6 |  7- 9 | 10-12 || total
---------------------------+-------+-------+-------+-------++-------
  Melee: Unarmed           |     1 |       |       |       ||     1
         Whip              |    13 |    26 |    37 |       ||    76
         Punch             |       |     1 |     1 |     1 ||     3
         Staff             |       |       |    43 |    25 ||    68
   Cast: Freeze            |    33 |     7 |       |       ||    40
         Frozen Ramparts   |     7 |    15 |    38 |    26 ||    86
         Ozocubu's Armour  |       |     7 |    15 |    22 ||    44
         Searing Ray       |       |     6 |    25 |    66 ||    97
         Dazzling Flash    |       |       |       |     2 ||     2
         Summon Ice Beast  |       |       |       |     6 ||     6
  Evoke: Wand              |       |       |       |    21 ||    21
    Use: Potion            |     1 |       |       |     3 ||     4
         Scroll            |       |     5 |    10 |     8 ||    23
   Stab: Distracted        |       |     1 |       |       ||     1
 Armour: Robe              |     8 |    13 |    36 |    29 ||    86
         Troll leather arm |       |       |       |    28 ||    28
  Dodge: Dodged            |    25 |    23 |    62 |    87 ||   197
